 Dungeon Crawl Stone Soup version 0.31-a0-234-gad7ace16ef (webtiles) character file.

Game seed: 9944683849780788610

273 qw the Shooter (level 6, -2/52 HPs)
             Began as a Minotaur Hexslinger on July 9, 2023.
             Slain by Pikel
             ... wielding a +0 whip of freezing
              (10 damage)
             ... on level 4 of the Dungeon.
             The game lasted 00:01:16 (3100 turns).

qw the Shooter (Minotaur Hexslinger)                Turns: 3100, Time: 00:01:17

Health: -2/52      AC:  5    Str: 13    XL:     6   Next: 2%
Magic:  6/6        EV: 16    Int: 10    God:
Gold:   202        SH:  0    Dex: 14    Spells: 6/7 levels left

rFire   . . .        Y - +1 sling
rCold   . . .        (no shield)
rNeg    . . .        e - +0 ring mail
rPois   .            (helmet restricted)
rElec   .            (no cloak)
rCorr   .            (no gloves)
SInv    .            (no boots)
Will    .....        h - amulet of faith
Stlth   +            i - +5 ring of evasion
HPRegen 0.28/turn    (no ring)
MPRegen 0.10/turn

%: faith
@: no status effects
A: horns 2, retaliatory headbutt
a: no special abilities


You were on level 4 of the Dungeon.
You visited 1 branch of the dungeon, and saw 4 of its levels.

You collected 202 gold pieces.


Innate Abilities, Weirdness & Mutations

You have a pair of horns on your head.
You reflexively headbutt those who attack you in melee.


   Skills:
 - Level 4.0 Fighting
 + Level 5.7 Ranged Weapons
 - Level 1.1 Armour
 - Level 2.1 Dodging
 - Level 1.0 Spellcasting
 - Level 2.0 Hexes


You had 6 spell levels left.
You knew the following spells:

 Your Spells              Type           Power      Damage    Failure   Level
a - Slow                  Hex            16%        N/A       32%         1

Your spell library contained the following spells:

 Spells                   Type           Power      Damage    Failure   Level
 Inner Flame              Hex/Fire       2%         N/A       82%         3
 Portal Projectile        Hex/Tloc       4%         N/A       82%         3
 Cause Fear               Hex            2%         N/A       97%         4

Inventory:

Hand Weapons
 Y - a +1 sling (weapon)
Armour
 e - a +0 ring mail (worn)
Jewellery
 h - an amulet of faith (around neck)
 i - a +5 ring of evasion (left hand)
Scrolls
 c - a scroll of teleportation {unknown}
 f - a scroll of identify
Potions
 a - a potion of resistance
 b - a potion of curing
 d - a potion of haste {unknown}

Dungeon Overview and Level Annotations

Branches:
Dungeon (4/15)
 Temple: D:4-7

Altars:

Shops:
D:3 (:

Annotations:
D:3 1 runed translucent door, qw's ghost, amateur MiHs
D:4 Pikel


Message History

The lemure barely misses you.
You shoot a sling bullet.
The sling bullet barely misses the lemure.
The sling bullet hits Pikel but does no damage.
The lemure hits you.
You shoot a sling bullet. The sling bullet hits the lemure.
The lemure is heavily wounded.
The lemure completely misses you.
You shoot a sling bullet.
The sling bullet completely misses the lemure.
The sling bullet hits Pikel.
Pikel is lightly wounded.
The lemure hits you!
You shoot a sling bullet. The sling bullet hits the lemure.
The lemure is heavily wounded.
The lemure hits you.
You shoot a sling bullet. The sling bullet hits Pikel.
Pikel is lightly wounded.
Pikel hits you with a +0 whip of freezing.
Pikel freezes you.
You shoot a sling bullet.
The sling bullet hits Pikel but does no damage.
Pikel is lightly wounded.
Pikel hits you with a +0 whip of freezing.
Pikel freezes you.
You shoot a sling bullet.
The sling bullet hits Pikel but does no damage.
Pikel is lightly wounded.
Pikel hits you with a +0 whip of freezing!
Pikel freezes you.
You shoot a sling bullet. The sling bullet closely misses Pikel.
The sling bullet hits the lemure.
The lemure is severely wounded.
Pikel hits you with a +0 whip of freezing.
Pikel freezes you.
You shoot a sling bullet.
The sling bullet hits Pikel but does no damage.
Pikel is lightly wounded.
Pikel hits you with a +0 whip of freezing!
You die...

#.# #.#.# #.#.# #.#
#...# #.#.. #<# #..##
#.### #5# #..# #.# #.#
#..# #.# #K# #..# #.#
#.# ###..#######.####
#.####....#...........
#.55K@.#..........####
######...<#.#######
###..#.# #..#.######
#.)#......#
######...#####.#
#........# #.######.#
#.#


You could see Pikel and 2 lemures.

Vanquished Creatures
  A phantom (D:4)
  A lemure (D:4)
  A scorpion (D:4)
  6 adders
  A worm (D:2)
  3 dart slugs
  An orc (D:3)
  5 endoplasms
  7 giant cockroaches
  4 goblins
  6 hobgoblins
  5 jackals
  8 kobolds
  2 quokkas (D:3)
  8 ball pythons
  3 bats
  A frilled lizard (D:3)
  7 rats
70 creatures vanquished.

Notes
Turn   | Place    | Note
-------+----------+-------------------------------------------
     0 | D:1      | qw the Minotaur Hexslinger began the quest for the Orb.
     0 | D:1      | Reached XP level 1. HP: 16/16 MP: 1/1
     0 | D:1      | 0 ||| qw: Version: 0.3-a-51-g015441d
     0 | D:1      | 0 ||| qw: Game counter: 4203
     0 | D:1      | 0 ||| qw: Melee chars always use a shield: true
     0 | D:1      | 0 ||| qw: God list: Okawaru
     0 | D:1      | 0 ||| qw: Allow faded altars: false
     0 | D:1      | 0 ||| qw: Do Orc after clearing Dungeon:15 true
     0 | D:1      | 0 ||| qw: Do second Lair branch before Depths: true
     0 | D:1      | 0 ||| qw: Lair rune preference: random
     0 | D:1      | 0 ||| qw: Goals: Normal
     0 | D:1      | 0 ||| PLANNING D:1-11
    63 | D:1      | Reached skill level 3 in Ranged Weapons
    72 | D:1      | Reached XP level 2. HP: 23/23 MP: 2/2
   716 | D:1      | 716 ||| UPGRADING to +0 ring mail.
   726 | D:1      | 726 ||| DROPPING +0 robe.
   727 | D:1      | 727 ||| READING scroll labelled YDEOTW DATASHO.
   728 | D:1      | 728 ||| READING 2 scrolls labelled GECELO JOMIORGH.
   729 | D:1      | 729 ||| READING scroll labelled ATOECA REUM.
   830 | D:1      | 830 ||| READING scroll labelled IBROSE IPLEAZO.
   831 | D:1      | 831 ||| READING 2 scrolls labelled EXTUON RERUOR.
   832 | D:1      | 832 ||| READING scroll labelled ULYAKY ETEITH.
   833 | D:1      | 833 ||| DROPPING scroll of poison.
   834 | D:1      | 834 ||| DROPPING scroll of noise.
   891 | D:2      | 891 ||| Stepping ~*~*~tactically~*~*~ (outnumbered).
   893 | D:2      | 893 ||| Stepping ~*~*~tactically~*~*~ (outnumbered).
   896 | D:2      | 896 ||| Stepping ~*~*~tactically~*~*~ (outnumbered).
   897 | D:2      | 897 ||| Stepping ~*~*~tactically~*~*~ (outnumbered).
   899 | D:2      | 899 ||| Stepping ~*~*~tactically~*~*~ (outnumbered).
   908 | D:2      | Reached XP level 3. HP: 10/29 MP: 3/3
  1000 | D:2      | 1000 ||| FLEEEEING.
  1002 | D:2      | 1002 ||| FLEEEEING.
  1009 | D:2      | 1009 ||| FLEEEEING.
  1010 | D:2      | 1010 ||| FLEEEEING.
  1013 | D:2      | 1013 ||| FLEEEEING.
  1014 | D:2      | 1014 ||| FLEEEEING.
  1015 | D:2      | 1015 ||| FLEEEEING.
  1016 | D:2      | 1016 ||| FLEEEEING.
  1017 | D:2      | 1017 ||| FLEEEEING.
  1218 | D:2      | Reached skill level 4 in Ranged Weapons
  1300 | D:2      | Reached skill level 1 in Armour
  1745 | D:2      | Reached XP level 4. HP: 27/36 MP: 4/4
  1818 | D:2      | 1818 ||| READING scroll labelled INAOHEKEWU.
  1819 | D:2      | 1819 ||| READING 3 scrolls of identify.
  1819 | D:2      | 1819 ||| IDENTIFYING amethyst potion
  1923 | D:3      | 1923 ||| FLEEEEING.
  1924 | D:3      | 1924 ||| FLEEEEING.
  1925 | D:3      | 1925 ||| FLEEEEING.
  1926 | D:3      | 1926 ||| FLEEEEING.
  1927 | D:3      | 1927 ||| FLEEEEING.
  1928 | D:3      | 1928 ||| FLEEEEING.
  1929 | D:3      | 1929 ||| FLEEEEING.
  1930 | D:3      | 1930 ||| FLEEEEING.
  1931 | D:3      | 1931 ||| FLEEEEING.
  1932 | D:3      | 1932 ||| FLEEEEING.
  1933 | D:3      | 1933 ||| FLEEEEING.
  1934 | D:3      | 1934 ||| FLEEEEING.
  1935 | D:3      | 1935 ||| FLEEEEING.
  1936 | D:3      | 1936 ||| STAIRDANCE
  1971 | D:3      | Found Liakhleo's Antique Weapon Boutique.
  2036 | D:3      | Found Qaimor's Book Boutique.
  2320 | D:3      | Found a faded altar of an unknown god.
  2327 | D:3      | Reached skill level 5 in Ranged Weapons
  2580 | D:3      | Found a runed translucent door.
  2580 | D:3      | Noticed a bullfrog
  2596 | D:3      | Noticed qw's ghost (amateur MiHs)
  2739 | D:3      | 2739 ||| UPGRADING to amulet of faith.
  2744 | D:3      | 2744 ||| UPGRADING to +5 ring of evasion.
  2745 | D:3      | 2745 ||| READING scroll labelled QOEJIU ZO PENI.
  2746 | D:3      | 2746 ||| DRINKING 3 pink potions.
  2854 | D:3      | 2854 ||| READING 2 scrolls of identify.
  2854 | D:3      | 2854 ||| IDENTIFYING silvery potion
  2855 | D:3      | 2855 ||| DROPPING 2 potions of berserk rage.
  2870 | D:4      | Noticed a phantom
  2875 | D:4      | 2875 ||| STAIRDANCE
  2888 | D:4      | Killed a phantom
  2889 | D:4      | Reached XP level 5. HP: 30/46 MP: 5/5
  3032 | D:4      | Reached XP level 6. HP: 49/52 MP: 6/6
  3070 | D:4      | Noticed Pikel
  3079 | D:4      | 3079 ||| FLEEEEING.
  3080 | D:4      | 3080 ||| FLEEEEING.
  3081 | D:4      | 3081 ||| FLEEEEING.
  3082 | D:4      | 3082 ||| FLEEEEING.
  3083 | D:4      | 3083 ||| FLEEEEING.
  3084 | D:4      | 3084 ||| FLEEEEING.
  3085 | D:4      | 3085 ||| FLEEEEING.
  3086 | D:4      | 3086 ||| FLEEEEING.
  3087 | D:4      | 3087 ||| FLEEEEING.
  3088 | D:4      | 3088 ||| FLEEEEING.
  3089 | D:4      | 3089 ||| FLEEEEING.
  3090 | D:4      | 3090 ||| FLEEEEING.
  3098 | D:4      | HP: 13/52 [Pikel/+0 whip of freezing (2)]
  3100 | D:4      | Slain by Pikel

Levels and vault maps discovered:
D:1:      eino_arrival_cavern_e, layout_loops_ring
D:2:      layout_basic, minmay_pentomino_w4
D:3:      layout_loops_cross, serial_shops, nicolae_shop_tiny_glass, shop,
          ebering_ghost_sewer_d, hellmonk_ecumenical_altar_crossroads
D:4:      layout_loops_ring, temple_statues,
          nicolae_concentric_dashed_squares_wild, uniq_crazy_yiuf_cottage,
          uniq_pikel, uniq_edmund

Skill      XL: |  1  2  3  4 |
---------------+-------------+-----
Ranged Weapons | 3 4 5 |  5.7
Fighting       | 2 4 |  4.0
Armour         | 1 |  1.1
Dodging        | |  2.1
Spellcasting   | |  1.0
Hexes          | |  2.0

Action                     |  1- 3 |  4- 6 || total
---------------------------+-------+-------++-------
   Fire: Sling             |   131 |   139 ||   270
    Use: Scroll            |     6 |     4 ||    10
         Potion            |       |     1 ||     1
 Armour: Ring mail         |    15 |    29 ||    44
         Robe              |     4 |       ||     4
  Dodge: Dodged            |    31 |    84 ||   115

Table legend:
 A = Non-vault XP
 B = Vault XP
 C = Vault XP percentage of total XP
 D = Non-vault monster count
 E = Vault monster count
 F = Vault count percentage of total count
                 A         B        C        D         E       F
            +---------+---------+-------+---------+---------+-------
      Total |     374 |      16 |   4.1 |      61 |       8 |  11.6
            +---------+---------+-------+---------+---------+-------
        D:1 |      31 |       0 |   0.0 |      17 |       0 |   0.0
        D:2 |      60 |      16 |  21.1 |      19 |       8 |  29.6
        D:3 |      79 |       0 |   0.0 |      20 |       0 |   0.0
        D:4 |     204 |       0 |   0.0 |       5 |       0 |   0.0
            +---------+---------+-------+---------+---------+-------
